 Dungeon Sprint DCSS version 0.22-a0-110-g5b255cf (webtiles) character file.

3163 theanonym the Fencer (level 9, -8/144 HPs)
             Began as a Minotaur Gladiator on Jan 27, 2018.
             Was a Priest of Makhleb.
             Mangled by a battleaxe of chopping (18 damage)
             ... in the Dungeon (Sprint V: "Ziggurat Sprint").
             The game lasted 00:02:50 (460 turns).

theanonym the Fencer (Minotaur Gladiator)            Turns: 460, Time: 00:02:51

Health: -8/144     AC: 22    Str: 36    XL:     9   Next: 63%
Magic:  8/8        EV: 12    Int:  5    God:    Makhleb [***...]
Gold:   0          SH:  0    Dex: 15    Spells: 8/8 levels left

rFire    + . .     SeeInvis .   G - +11 plutonium sword {*Contam Stlth-}
rCold    + . .     Gourm    .   (shield currently unavailable)
rNeg     . . .     Faith    .   H - +5 gold dragon scales {23 rF+ rC+ rPois}
rPois    +         Spirit   .   c - +0 hat
rElec    .         Reflect  .   (no cloak)
rCorr    .         Harm     .   (no gloves)
MR       .....     NoTele   +   (no boots)
Stlth    ..........             (no amulet)
HPRegen  0.34/turn              B - +6 ring of strength
MPRegen  0.11/turn              C - +6 ring of strength

@: berserking, hasted, very quick
A: retaliatory headbutt, horns 2
a: Minor Destruction, Lesser Servant of Makhleb, Renounce Religion


Innate Abilities, Weirdness & Mutations

You reflexively headbutt those who attack you in melee.
You have a pair of horns on your head.


   Skills:
 * Level 14.3 Fighting
 * Level 16.4 Long Blades
 - Level 2.0 Throwing
 + Level 10.3 Armour
 + Level 10.1 Dodging


You had 8 spell levels left.
You didn't know any spells.

Skill      XL: |  1  2  3  4  5  6  7  8  9 |
---------------+----------------------------+-----
Long Blades    | 9 10 11 12 13 14 15 16 | 16.4
Fighting       | 4 6 8 10 11 13 14 | 14.3
Armour         | 2 4 5 7 9 10 | 10.3
Dodging        | 5 6 7 8 9 10 | 10.1
Throwing       | |  2.0

Action                   |  1- 3 |  4- 6 |  7- 9 || total
-------------------------+-------+-------+-------++-------
Melee: Triple sword      |     8 |     5 |    16 ||    29
       Headbutt          |       |     1 |     5 ||     6
  Use: Potion            |     2 |     1 |     2 ||     5
Armor: Gold dragon scale |     9 |       |    24 ||    33
Dodge: Dodged            |     2 |       |    11 ||    13
       Rpst.: Triple sword |       |       |     4 ||     4

Inventory:

Hand Weapons
 a - a +0 long sword
 G - the +11 plutonium sword (weapon) {*Contam Stlth-}
   (You found it in the Dungeon)

   It causes magical contamination when unequipped.
   It makes you less stealthy.
Missiles
 d - 3 throwing nets (quivered)
Armour
 c - a +0 hat (worn)
 k - a +0 leather armour {4}
 H - +5 gold dragon scales (worn) {23 rF+ rC+ rPois}
   (You found it in the Dungeon)
Jewellery
 x - a +6 ring of dexterity
   (You found it in the Dungeon)
 y - a +6 ring of dexterity
   (You found it in the Dungeon)
 z - a +6 ring of intelligence
   (You found it in the Dungeon)
 A - a +6 ring of intelligence
   (You found it in the Dungeon)
 B - a +6 ring of strength (left hand)
   (You found it in the Dungeon)
 C - a +6 ring of strength (right hand)
   (You found it in the Dungeon)
Wands
 v - a wand of acid (7)
   (You found it in the Dungeon)
 D - a wand of disintegration (7)
   (You found it in the Dungeon)
 E - a wand of iceblast (7)
   (You found it in the Dungeon)
Scrolls
 b - 4 scrolls of blinking
 f - 7 scrolls of fog
 p - 4 scrolls of amnesia
 r - 5 scrolls of identify
 s - a scroll of holy word
 u - 5 scrolls of remove curse
 F - 2 scrolls of fear
Potions
 g - a potion of invisibility
 h - 5 potions of haste
 i - 7 potions of magic
 j - 2 potions of berserk rage
 l - 4 potions of resistance {rF+ rC+}
 n - 5 potions of agility
 o - 5 potions of might
 q - 10 potions of heal wounds
 t - 2 potions of brilliance
 w - 9 potions of curing
Comestibles
 e - 7 rations You were in the Dungeon. You worshipped Makhleb. Makhleb was most pleased with you. You were not hungry. You visited 1 branch

Dungeon Overview and Level Annotations

Branches:
Dungeon (1/1)

Altars:
Ashenzari
Cheibriados
Dithmenos
Elyvilon
Fedhas
Gozag
Hepliaklqana
Kikubaaqudgha
Makhleb
Nemelex Xobeh
Okawaru
Qazlal
Ru
Sif Muna
Trog
Uskayaw
Vehumet
Wu Jian
Xom
Yredelemnul
Zin
The Shining One
Beogh
Jiyva
Lugonu

Annotations:
D 1 transporter

▓..)..▓.....▓.....▓
▓...).▓.....▓..©..▓
▓..©..▓..©..▓▓▓▓▓▓▓
▓▓▓▓▓▓▓▓▓▓▓▓▓▓
▓..8©8...▓
▓..?|}...▓
▓...[....▓
▓...)§...▓
▓..)@....▓
▓.▓(...▓.▓
▓...©....▓
▓▓▓▓▓▓▓▓▓▓


You could see a battleaxe of chopping.

Notes
Turn   | Place    | Note
-------+----------+-------------------------------------------
     0 | D        | Found the +6 Majin-Bo {vamp, Archmagi MP+6 Int+6}
     0 | D        | Found the +7 great mace "Firestarter" {inner flame, rF++}
     0 | D        | theanonym the Minotaur Gladiator began the quest for the Orb.
     0 | D        | Reached XP level 1. HP: 18/18 MP: 0/0
     0 | D        | Found a deep blue altar of Sif Muna.
     0 | D        | Found a sacrificial altar of Ru.
     0 | D        | Found a bloodstained altar of Trog.
     0 | D        | Found a stormy altar of Qazlal.
     0 | D        | Found an iron altar of Okawaru.
     0 | D        | Found a sparkling altar of Nemelex Xobeh.
     0 | D        | Found a blossoming altar of Fedhas.
     2 | D        | Found a transporter.
     2 | D        | Found an ancient bone altar of Kikubaaqudgha.
     2 | D        | Found a viscous altar of Jiyva.
     2 | D        | Found a corrupted altar of Lugonu.
     2 | D        | Found a hazy altar of Hepliaklqana.
     2 | D        | Found a burning altar of Makhleb.
     2 | D        | Found an opulent altar of Gozag.
    19 | D        | Found the +9 heavy crossbow "Sniper" {velocity, Acc+∞ SInv}
    19 | D        | Found the +10 dark maul {crush}
    19 | D        | Found the +15 Maxwell's patent armour {-Cast -Tele rElec MR+ rCorr}
    19 | D        | Found the +18 shield of the Gong {rElec rN+ MR+ EV-5}
    19 | D        | Found the cursed +14 obsidian axe {chop, +Fly SInv *Curse}
    20 | D        | Found the +6 shillelagh "Devastator" {shatter}
    20 | D        | Found the +11 plutonium sword {*Contam Stlth-}
    20 | D        | Found the +8 lance "Wyrmbane" {slay drac, rPois rF+ rC+ AC+3}
    20 | D        | Found the +9 sword of Zonguldrok {reap}
    20 | D        | Found the cursed +13 scythe of Curses {drain, *Curse}
    20 | D        | Found the +0 sword of Power
    20 | D        | Found the +16 mace of Variability {chaos}
    20 | D        | Found the +7 Singing Sword
    20 | D        | Found the +7 longbow "Piercer" {penet, EV-2}
    75 | D        | Reached skill level 9 in Long Blades
    75 | D        | Reached XP level 2. HP: 25/25 MP: 1/1
    81 | D        | Became a worshipper of Makhleb the Destroyer
    88 | D        | Entered arena 2.
    88 | D        | Found a transporter.
    92 | D        | Reached skill level 3 in Fighting
   196 | D        | Entered arena 3.
   196 | D        | Noticed a golden eye
   196 | D        | Noticed a golden eye
   196 | D        | Found a transporter.
   203 | D        | Reached * piety under Makhleb
   203 | D        | Reached skill level 4 in Fighting
   203 | D        | Reached skill level 10 in Long Blades
   203 | D        | Reached skill level 2 in Armour
   203 | D        | Reached XP level 3. HP: 33/33 MP: 2/2
   204 | D        | Killed a golden eye
   204 | D        | Reached skill level 6 in Fighting
   204 | D        | Reached skill level 11 in Long Blades
   204 | D        | Reached skill level 4 in Armour
   204 | D        | Reached skill level 5 in Dodging
   204 | D        | Reached XP level 4. HP: 45/45 MP: 3/3
   204 | D        | Reached XP level 5. HP: 51/51 MP: 4/4
   221 | D        | Killed a golden eye
   221 | D        | Reached skill level 8 in Fighting
   221 | D        | Reached skill level 12 in Long Blades
   221 | D        | Reached skill level 5 in Armour
   221 | D        | Reached skill level 6 in Dodging
   221 | D        | Reached XP level 6. HP: 62/62 MP: 5/5
   352 | D        | Entered arena 4.
   352 | D        | Noticed a deep elf mage
   352 | D        | Noticed a deep elf mage
   352 | D        | Noticed an air elemental
   352 | D        | Noticed a deep elf mage
   352 | D        | Found a transporter.
   354 | D        | Killed a deep elf mage
   354 | D        | Reached ** piety under Makhleb
   354 | D        | Reached skill level 10 in Fighting
   354 | D        | Reached skill level 13 in Long Blades
   354 | D        | Reached skill level 7 in Armour
   354 | D        | Reached skill level 7 in Dodging
   354 | D        | Reached XP level 7. HP: 73/73 MP: 6/6
   359 | D        | Killed a deep elf mage
   359 | D        | Reached skill level 11 in Fighting
   360 | D        | Killed an air elemental
   360 | D        | Reached skill level 14 in Long Blades
   360 | D        | Reached skill level 8 in Dodging
   360 | D        | Reached XP level 8. HP: 52/82 MP: 7/7
   363 | D        | Killed a deep elf mage
   363 | D        | Reached skill level 8 in Armour
   448 | D        | Entered arena 5.
   448 | D        | Noticed a battleaxe of chopping
   448 | D        | Noticed a long sword of flaming
   448 | D        | Noticed a scimitar of freezing
   448 | D        | Noticed an orc high priest
   448 | D        | Found a transporter.
   451 | D        | Killed a scimitar of freezing
   451 | D        | Reached *** piety under Makhleb
   451 | D        | Reached skill level 12 in Fighting
   451 | D        | Reached skill level 15 in Long Blades
   451 | D        | Reached skill level 9 in Armour
   451 | D        | Reached skill level 9 in Dodging
   454 | D        | HP: 40/85 [battleaxe of chopping (13)]
   456 | D        | HP: 19/85 [battleaxe of chopping (4)]
   458 | D        | Killed an orc high priest
   458 | D        | Reached skill level 13 in Fighting
   458 | D        | Reached XP level 9. HP: 32/94 MP: 8/8
   459 | D        | Killed a long sword of flaming
   459 | D        | Reached skill level 14 in Fighting
   459 | D        | Reached skill level 16 in Long Blades
   459 | D        | Reached skill level 10 in Armour
   459 | D        | Reached skill level 10 in Dodging
   460 | D        | Mangled by a battleaxe of chopping

Vanquished Creatures
  2 dancing weapons (D)
  An orc high priest (D)
  3 deep elf magi (D)
  An air elemental (D)
  2 golden eyes (D)
  A jelly (D)
  A mummy (D)
  A leopard gecko zombie (D)
12 creatures vanquished.

Table legend:
 A = Turns spent in this place as a percentage of turns spent in the entire game.
 B = Non-inter-level travel turns spent in this place as a percentage of non-inter-level travel turns spent in the entire game.
 C = Inter-level travel turns spent in this place as a percentage of turns spent in this place.
 D = Turns resting spent in this place as a percentage of non-inter-level travel turns spent in this place.
 E = Turns spent auto-exploring this place as a percentage of non-inter-level travel turns spent in this place.
 F = Non-inter-level travel turns spent in this place divided by the number of levels of this place that you've seen.
                   A       B       C       D       E      F
               +-------+-------+-------+-------+-------+----------------------
         Total | 100.0 | 100.0 |   0.0 |  65.0 |   5.0 | 460.0
       Dungeon | 100.0 | 100.0 |   0.0 |  65.0 |   5.0 | 460.0
               +-------+-------+-------+-------+-------+----------------------
